 Dungeon Crawl Stone Soup version 0.20.0-15-g7f486f2 (webtiles) character file.

1198 pib the Conjurer (level 8, -12/46 HPs)
             Began as an Octopode Conjurer on June 26, 2017.
             Shot with an arrow by a centaur (18 damage)
             ... on level 6 of the Dungeon.
             The game lasted 00:24:34 (8824 turns).

pib the Conjurer (Octopode Conjurer)                Turns: 8824, Time: 00:24:35

Health: -12/46     AC:  1    Str:  7    XL:     8   Next: 44%
Magic:  9/16       EV: 13    Int: 20    God:
Gold:   216        SH:  0    Dex: 12    Spells: 8/18 levels left

rFire    + . .     SeeInvis .   a - +7 whip (pain)
rCold    x . .     Gourm    .   (no shield)
rNeg     . . .     Faith    .   (helmet restricted)
rPois    .         Spirit   .   (no amulet)
rElec    .         Reflect  .   s - ring of wizardry
rCorr    .         Harm     .   e - ring of fire
MR       .....                  (no ring)
Stlth    +++.......             (no ring)
Regen    0.2/turn               (no ring)
MPRegen  0.2/turn               (no ring)
                                (no ring)
                                (no ring)

@: no status effects
A: almost no armour, stealthy swim, amphibious, 8 rings, constrict 8, camouflage
1, gelatinous body 1
a: no special abilities


You were on level 6 of the Dungeon.
You were near starving.

You visited 1 branch of the dungeon, and saw 6 of its levels.
You also visited: Ossuary.

You collected 216 gold pieces.

Inventory:

Hand Weapons
 a - a +7 whip of pain (weapon)
 b - a +0 hunting sling
 j - a +0 dagger
 m - a +0 hunting sling
 w - a +0 blowgun
 y - a cursed -1 short sword
 E - a +0 dagger of venom
Missiles
 k - 57 sling bullets
 n - 223 stones (quivered)
 x - 5 poisoned needles
Jewellery
 e - a ring of fire (right tentacle)
 p - a cursed ring of ice
 s - a ring of wizardry (left tentacle)
Wands
 v - a wand of iceblast (2/15)
 F - a wand of random effects (32/48)
 I - a wand of flame (20/48)
Scrolls
 d - 3 scrolls of identify
 g - a scroll of teleportation
 r - a scroll of enchant armour
 D - a scroll of remove curse
 J - a scroll of enchant weapon
Potions
 c - 2 potions of resistance {unknown}
 f - 2 potions of cancellation {unknown}
 h - 6 potions of curing {unknown}
 o - 3 potions of heal wounds {unknown}
 t - 3 potions of haste {unknown}
 u - 2 potions of lignification {unknown}
 z - a potion of brilliance {unknown}
 A - a potion of degeneration {unknown}
 B - a potion of berserk rage {unknown}
 C - a potion of invisibility {unknown}
 H - 2 potions of agility {unknown}
Books
 l - a book of Conjurations

   Spells                             Type                      Level
   a - Magic Dart                     Conjuration                  1
   b - Searing Ray                    Conjuration                  2
   c - Dazzling Spray                 Conjuration/Hexes            3
   d - Fulminant Prism                Conjuration/Hexes            4
   e - Force Lance                    Conjuration/Translocation    4
   f - Iskenderun's Mystic Blast      Conjuration                  4
Comestibles
 i - 5 bread rations
 q - 3 fruits


   Skills:
 - Level 2.0 Dodging
 - Level 3.1 Stealth
 + Level 5.8 Spellcasting
 * Level 7.7 Conjurations
 + Level 3.8 Hexes


You had 8 spell levels left.
You knew the following spells:

 Your Spells              Type           Power        Failure   Level  Hunger
a - Magic Dart            Conj           ####         1%          1    None
b - Searing Ray           Conj           #####.       1%          2    None
c - Fulminant Prism       Conj/Hex       ####......   4%          4    ####...
d - Dazzling Spray        Conj/Hex       ####..       1%          3    ##.....


Dungeon Overview and Level Annotations

Branches:
Dungeon (6/15)
 Temple: D:4-7

Altars:
Ashenzari

Shops:
D:4 :

Annotations:
D:3 1 runed door


Innate Abilities, Weirdness & Mutations

You cannot wear most types of armour.
You are very stealthy in the water. (Stealth+)
You are amphibious.
You can wear up to eight rings at the same time.
You can use your tentacles to constrict eight enemies at once.
Your skin changes colour to match your surroundings (Stealth+).
Your rubbery body absorbs attacks. (AC +1, EV +1)


Message History

The centaur is dazzled.
The centaur shoots an arrow.
The arrow hits you!
Casting: Dazzling Spray
Confirm with . or Enter, or press ? or * to list all spells.
Aiming: Searing Ray
Press: ? - help, Shift-Dir - straight line, f/p - centaur
Aim: a centaur, wielding a shortbow (lightly wounded, blind)
The searing ray hits the centaur.
The centaur is moderately wounded. (Press . to maintain the ray.)
The centaur shoots an arrow.
The arrow closely misses you.
The searing ray hits the centaur.
The centaur is heavily wounded.
The centaur shoots an arrow.
The arrow hits you.
The centaur shoots an arrow.
The arrow hits you!
* * * LOW HITPOINT WARNING * * *
The searing ray hits the centaur.
The centaur is almost dead.
The centaur is no longer blind.
The centaur shoots an arrow.
The arrow hits you!!
You die...

##
##.##############
#..c(..@..(.....#
#....############.#
....... #.########
###...# #.........
..c.. ##########
...... ..... ##.o.


You could see a centaur.

Vanquished Creatures
  3 ogres (D:4)
  A phantom (D:5)
  An elf zombie (Ossuary)
  2 howler monkeys (D:5)
  2 crimson imps (D:5)
  3 human zombies (Ossuary)
  A centaur zombie (Ossuary)
  A bullfrog zombie (D:6)
  An orc wizard (D:4)
  A bullfrog skeleton (D:5)
  Ijyb (D:2)
  Terence (D:3)
  3 worker ants
  A hound zombie (D:5)
  2 hound skeletons
  2 mummies (Ossuary)
  5 adders
  A shadow imp (D:6)
  2 oozes (D:3)
  An adder zombie (Ossuary)
  A worm zombie (D:5)
  An adder skeleton (D:4)
  7 worms
  2 dart slugs
  3 leopard geckos
  5 orcs
  A ball python (D:1)
  10 bats
  7 giant cockroaches
  12 goblins
  6 hobgoblins
  15 jackals
  4 quokkas
  5 frilled lizards
  A giant cockroach zombie (D:5)
  8 hobgoblin zombies (Ossuary)
  3 jackal zombies (Ossuary)
  4 kobolds
  8 kobold zombies
  12 orc zombies (Ossuary)
  26 rats
  A rat zombie (Ossuary)
177 creatures vanquished.

Notes
Turn   | Place    | Note
-------+----------+-------------------------------------------
     0 | D:1      | pib the Octopode Conjurer began the quest for the Orb.
     0 | D:1      | Reached XP level 1. HP: 11/11 MP: 3/3
   255 | D:1      | Found a shattered altar of Ashenzari.
   346 | D:1      | Reached XP level 2. HP: 17/17 MP: 3/5
   885 | D:1      | Learned a level 2 spell: Searing Ray
  1021 | D:2      | Reached XP level 3. HP: 21/21 MP: 3/6
  1158 | D:2      | Found a faded altar of an unknown god.
  1690 | D:2      | Reached skill level 5 in Conjurations
  1858 | D:2      | Noticed Ijyb
  2151 | D:2      | Killed Ijyb
  2151 | D:2      | Reached XP level 4. HP: 22/27 MP: 0/8
  2500 | D:3      | Learned a level 4 spell: Fulminant Prism
  2550 | D:3      | Noticed Terence
  2782 | D:3      | Found a runed door.
  2996 | D:3      | Reached XP level 5. HP: 31/31 MP: 5/9
  3259 | D:3      | Killed Terence
  3671 | D:3      | Reached skill level 1 in Hexes
  4339 | D:4      | Reached XP level 6. HP: 27/36 MP: 4/11
  4807 | D:4      | Found Durymuy's Book Shoppe.
  4957 | D:4      | Reached skill level 6 in Conjurations
  5132 | D:4      | Reached XP level 7. HP: 41/41 MP: 5/13
  5689 | D:5      | Entered Level 5 of the Dungeon
  5777 | D:5      | Found a sand-covered staircase.
  5863 | Ossuary  | Entered an ossuary
  6218 | Ossuary  | Reached skill level 5 in Spellcasting
  6666 | Ossuary  | Reached skill level 7 in Conjurations
  6935 | Ossuary  | Reached XP level 8. HP: 27/46 MP: 2/16
  7118 | D:5      | Learned a level 3 spell: Dazzling Spray
  8824 | D:6      | Shot with an arrow by a centaur

Skill      XL: |  1  2  3  4  5  6  7 |
---------------+----------------------+-----
Conjurations   | 5 6 7 |  7.7
Spellcasting   | 3 4 5 |  5.8
Stealth        | 3 |  3.1
Hexes          | 1 2 3 |  3.8
Dodging        | |  2.0

Action                   |  1- 3 |  4- 6 |  7- 9 || total
-------------------------+-------+-------+-------++-------
Melee: Unarmed           |     6 |       |       ||     6
       Constrict         |     4 |     5 |     5 ||    14
       Tentacles         |     3 |     3 |     6 ||    12
       Dagger            |     9 |       |       ||     9
       Whip              |       |    30 |    23 ||    53
 Fire: Hunting sling     |       |    17 |     1 ||    18
 Cast: Magic Dart        |    88 |    94 |   168 ||   350
       Searing Ray       |     3 |     7 |    27 ||    37
       Dazzling Spray    |       |       |     1 ||     1
Evoke: Wand              |       |     1 |     1 ||     2
  Use: Scroll            |       |     4 |     8 ||    12
 Stab: Sleeping          |       |     1 |     1 ||     2
  Eat: Chunk             |     4 |    10 |     5 ||    19
       Bread ration      |       |       |     1 ||     1
Armor: Skin              |     2 |     3 |     2 ||     7
Dodge: Dodged            |    27 |    33 |    38 ||    98
